 Dungeon Crawl Stone Soup version 0.31.0-2-g5a2aebc5c2 (webtiles) character file.

Game seed: 11713970049206774060

12 bpung the Changeling (level 2, -2/21 HPs)
             Began as a Merfolk Shapeshifter on Jan 20, 2024.
             Slain by an adder (4 damage)
             ... on level 2 of the Dungeon.
             The game lasted 00:01:36 (981 turns).

bpung the Changeling (Merfolk Shapeshifter)          Turns: 981, Time: 00:01:38

Health: -2/21      AC:  2    Str: 14    XL:     2   Next: 33%
Magic:  2/2        EV: 12    Int:  9    God:
Gold:   38         SH:  0    Dex: 13    Spells: 1/1 levels left

rFire   . .          .
                       - Unarmed
rCold   . . .        (no shield)
rNeg    . . .        a - +0 animal skin
rPois   .            (helmet currently unavailable)
rElec   .            (cloak currently unavailable)
rCorr   .            (gloves currently unavailable)
SInv    .            (boots currently unavailable)
Will    .....        (no amulet)
Stlth   +            (no ring)
HPRegen 0.23/turn    (no ring)
MPRegen 0.08/turn

%: no passive effects
@: lethally poisoned (-2 -> -8), beast-form
A: beast (slay +2), (nimble swimmer 2), mertail
a: Begin Untransformation


You were on level 2 of the Dungeon.
You were a hulking beast.
You visited 1 branch of the dungeon, and saw 2 of its levels.

You collected 38 gold pieces.

Inventory:

Armour
 a - a +0 animal skin (worn)
Talismans
 c - a beast talisman
 d - a flux talisman


   Skills:
 + Level 1.4 Fighting
 + Level 3.0 Dodging
 + Level 3.4 Unarmed Combat
 * Level 4.3 Shapeshifting


You had one spell level left.
You didn't know any spells.
Your spell library contained the following spells:

 Spells                   Type           Power      Damage    Failure   Level
 Frozen Ramparts          Ice            0%         1d1       77%         3
 Leda's Liquefaction      Alch/Erth      0%         N/A       99%         4
 Petrify                  Alch/Erth      0%         N/A       99%         4
 Metabolic Englaciation   Hex/Ice        0%         N/A       100%        5


Dungeon Overview and Level Annotations

Branches:
Dungeon (2/15)

Altars:

Shops:
D:1 !


Innate Abilities, Weirdness & Mutations

You are a hulking beast.
Your limbs bulge with bestial killing power. (Slay +2)
((You are very nimble when in or above water. (Stealth+, EV+, Speed+++)))
Your lower body shifts to a powerful aquatic tail in water.


Message History

You hit the endoplasm but do no damage.
The endoplasm is heavily wounded.
The endoplasm freezes you.
You are frozen.
You hit the endoplasm. You punch the endoplasm.
You kill the endoplasm!
You barely miss the adder. The adder barely misses you. The adder bites you.
You are poisoned.
The adder poisons you!
You hit the adder.
The adder is lightly wounded.
You feel sick. The adder barely misses you.
You closely miss the adder.
The adder is lightly wounded.
You feel sick. The adder barely misses you.
You hit the adder.
The adder is heavily wounded.
You feel sick. The adder misses you.
You are too injured to fight recklessly!
You are too injured to fight recklessly!
You are too injured to fight recklessly!
You are too injured to fight recklessly!
You are too injured to fight recklessly!
You are too injured to fight recklessly!
You are too injured to fight recklessly!
You are too injured to fight recklessly!
Unknown command.
You hit the adder but do no damage.
The adder is heavily wounded.
You feel sick. The adder bites you.
* * * LOW HITPOINT WARNING * * *
You are lethally poisoned!
The adder poisons you!
You hit the adder.
The adder is heavily wounded.
* * * LOW HITPOINT WARNING * * *
You feel sick. The adder bites you.
* * * LOW HITPOINT WARNING * * *
The adder bites you.
You die...

####+####
.......#
#......#
#......#
#......#
#......#
#......#
#<#h####
#####S###
#...lJ..#
#.##[...#
#....#####
#...?.....
#.....####
#.....#
#.....#


You could see an adder, an endoplasm and a frilled lizard.

Vanquished Creatures
  An endoplasm (D:2)
  A goblin (D:1)
  2 hobgoblins
  A kobold (D:1)
  A quokka (D:1)
  A bat (D:1)
  A frilled lizard (D:1)
  4 rats (D:1)
12 creatures vanquished.

Notes
Turn   | Place    | Note
-------+----------+-------------------------------------------
     0 | D:1      | bpung the Merfolk Shapeshifter began the quest for the Orb.
     0 | D:1      | Reached XP level 1. HP: 15/15 MP: 1/1
   540 | D:1      | Reached XP level 2. HP: 14/21 MP: 2/2
   574 | D:1      | Found Okkehyzu's Distillery.
   981 | D:2      | Slain by an adder

Illustrated notes

Levels and vault maps discovered:
D:1:      roderic_octagonal_star, layout_basic, serial_shops,
          nicolae_square_shop, grunt_decor_junction
D:2:      layout_basic, hellmonk_ecumenical_altar_arch_garden,
          grunt_decor_resistance

Skill      XL: |  1  2 |
---------------+-------+-----
Dodging        | 3 |  3.0
Fighting       | |  1.4
Unarmed Combat | |  3.4
Shapeshifting  | |  4.3

Action                     || total
---------------------------++-------
  Melee: Unarmed           ||    37
         Punch             ||     2
    Use: Scroll            ||     2
   Stab: Sleeping          ||     1
 Armour: Animal skin       ||    22
  Dodge: Dodged            ||    21
